 Dungeon Crawl Stone Soup version 0.14-a0-519-g334afa2 (webtiles) character file.

384 MackTheKnife the Changer (level 6, 15/43 HPs)
             Began as a Merfolk Transmuter on Nov 3, 2013.
             Was an Initiate of Okawaru.
             Quit the game on Level 1 of the Abyss.
             The game lasted 00:09:27 (5668 turns).

MackTheKnife the Changer (Merfolk Transmuter)       Turns: 5668, Time: 00:09:27

HP  15/43        AC  2     Str 11      XL: 6   Next:  2%
MP   6/9         EV 21     Int 12      God: Okawaru [......]
Gold 156         SH  0     Dex 21      Spells:  3 memorised,  3 levels left

Res.Fire  : . . .   See Invis. : .     - Unarmed
Res.Cold  : . . .   Warding    : .   E - melded +0 leather armour
Life Prot.: . . .   Conserve   : .   (shield currently unavailable)
Res.Poison: x       Res.Corr.  : .   (helmet currently unavailable)
Res.Elec. : .       Clarity    : +   (cloak currently unavailable)
Sust.Abil.: . .     Spirit.Shd : .   C - melded +0 pair of gloves
Res.Mut.  : .       Stasis     : .   q - melded +0 pair of orc boots
Res.Rott. : .       Flight     : .   y - amulet of clarity
Saprovore : . . .                    (no ring)
                                     (no ring)

@: spider-form (expiring), quick, slightly resistant to hostile enchantments,
fairly stealthy
A: (change form in water), (swift swim)
a: End Transformation, Renounce Religion


You were on level 1 of the Abyss.
You worshipped Okawaru.
Okawaru was noncommittal.
You were not hungry.
You were in spider-form.
You visited 1 branch of the dungeon, and saw 4 of its levels.
You visited the Abyss 1 time.

You collected 156 gold pieces.


   Skills:
 - Level 1.1 Fighting
 - Level 2.6 Dodging
 + Level 5.0 Unarmed Combat
 - Level 2.0 Spellcasting
 + Level 5.2 Transmutations
 + Level 2.9 Poison Magic


You had 3 spell levels left.
You knew the following spells:

 Your Spells              Type           Power        Failure   Level  Hunger
x - Spider Form           Trmt/Pois      ##........   36%         3    ####...
y - Sticks to Snakes      Trmt           ##........   17%         2    ###....
z - Beastly Appendage     Trmt           ##....       12%         1    ##.....

Inventory:

Hand weapons
 u - a +0 blowgun
Missiles
 b - 9 arrows
 v - 3 poisoned needles
Armour
 q - a +0 pair of orcish boots (melded)
 C - a +0 pair of gloves (melded)
 E - a +0 leather armour (melded)
Comestibles
 a - a bread ration
 k - a royal jelly
 l - 2 apples
 m - 3 meat rations
 F - a pear
Scrolls
 c - a scroll of curse weapon {unknown}
 e - a scroll of blinking {unknown}
 g - a scroll of recharging {unknown}
 i - 3 scrolls of identify
 n - a scroll of teleportation {unknown}
 o - a scroll of remove curse {unknown}
 p - 2 scrolls of enchant weapon I {unknown}
 t - a scroll of curse armour {unknown}
 A - 2 scrolls of noise {unknown}
 B - a scroll of amnesia {unknown}
Jewellery
 y - an amulet of clarity (around neck)
 G - an uncursed amulet of resist corrosion {unknown}
Potions
 f - a potion of speed {unknown}
 h - 2 potions of heal wounds
 j - 2 potions of restore abilities
 r - 3 potions of curing
 s - a potion of mutation {unknown}
 w - a potion of poison {unknown}
 x - a potion of brilliance {unknown}
 z - a potion of beneficial mutation {unknown}
 D - a potion of agility {unknown}
Books
 d - a book of Changes

   Spells                             Type                      Level
   *Beastly Appendage                 Transmutation                1
   *Sticks to Snakes                  Transmutation                2
   *Spider Form                       Transmutation/Poison         3
   Ice Form                           Ice/Transmutation            4
   Blade Hands                        Transmutation                5

▒▒▒▒▒···▒····
▒▒·▒····▒·▒·▒··
▒ ·▒·······▒▒ ·
▒· ▒···▒#····▒
···▒#·#····▒▒
▒·▒w#··▒▒▒▒
▒·#▒X▒▒▒
▒▒▒▒▒w·▒▒ ▒▒▒s▒
▒▒▒


You could see a tentacled starspawn and 2 starspawn tentacles.


Message History

The starspawn tentacle grabs you. The starspawn tentacle constricts you.
Unknown command.
Your attempt to break free from the starspawn tentacle fails, but you feel that another attempt might succeed.
The smoke demon gestures at you. The ball of steam misses you.
The starspawn tentacle constricts you.
Unknown command.
Your attempt to break free from the starspawn tentacle fails, but you feel that another attempt might succeed.
You are engulfed in a cloud of scalding steam.
The starspawn tentacle constricts you.
You escape the starspawn tentacle's grasp.
A small abomination comes into view.
The small abomination moves out of view.
Unknown command.
The starspawn tentacle grabs you.
* * * LOW HITPOINT WARNING * * *
The starspawn tentacle constricts you.
Your attempt to break free from the starspawn tentacle fails, but you feel that another attempt might succeed.
* * * LOW HITPOINT WARNING * * *
The starspawn tentacle constricts you.
Unknown command.
Your attempt to break free from the starspawn tentacle fails, but you feel that another attempt might succeed.
A tentacle flies out from the starspawn's body!
* * * LOW HITPOINT WARNING * * *
The starspawn tentacle constricts you.
Unknown command.
You escape the starspawn tentacle's grasp.
Your transformation is almost over.
Read which item? (? for menu, Esc to quit)
Okay, then.
Are you sure you want to abandon this character and quit the game? (Confirm with "yes".)

Action                   |  1- 3 |  4- 6 || total
-------------------------+-------+-------++-------
Melee: Unarmed           |   117 |   205 ||   322
 Fire: Blowgun           |       |     3 ||     3
 Cast: Beastly Appendage |     3 |     1 ||     4
       Sticks to Snakes  |     3 |       ||     3
       Spider Form       |     2 |    11 ||    13
  Use: Scroll            |       |     2 ||     2
       Potion            |       |     1 ||     1
 Stab: Sleeping          |       |     1 ||     1

Vault maps used:
D:1:      grunt_entry_crossed_arrows
D:2:      infiniplex_staircase_river, serial_bayou_pond_d, uniq_terence,
          uniq_jessica
D:3:      lemuel_doored_altar, okawaru_gym_becter, uniq_grinder
D:4:      uniq_edmund

Notes
Turn   | Place    | Note
--------------------------------------------------------------
     0 | D:1      | MackTheKnife, the Merfolk Transmuter, began the quest for the Orb.
     0 | D:1      | Reached XP level 1. HP: 15/15 MP: 1/1
   218 | D:1      | Reached skill level 3 in Transmutations
   320 | D:1      | Reached XP level 2. HP: 21/21 MP: 3/3
   342 | D:1      | Learned a level 2 spell: Sticks to Snakes
   982 | D:2      | Noticed Terence
  1460 | D:2      | Reached XP level 3. HP: 4/26 MP: 4/4
  1742 | D:2      | Learned a level 3 spell: Spider Form
  1791 | D:2      | Noticed Jessica
  1795 | D:2      | Killed Jessica
  1795 | D:2      | Reached skill level 4 in Unarmed Combat
  1795 | D:2      | Reached skill level 4 in Transmutations
  2095 | D:2      | Reached skill level 1 in Poison Magic
  2374 | D:2      | Reached XP level 4. HP: 32/32 MP: 6/6
  2899 | D:3      | Found a basalt altar of Yredelemnul.
  2924 | D:3      | Noticed Grinder
  2929 | D:3      | Paralysed by Grinder for 5 turns
  3236 | D:3      | Noticed Shauncat's ghost (weakling DjAr)
  3249 | D:3      | Killed Shauncat's ghost
  3320 | D:3      | Reached skill level 2 in Poison Magic
  3349 | D:3      | Reached XP level 5. HP: 4/37 MP: 0/7
  3950 | D:3      | Found an iron altar of Okawaru.
  4081 | D:3      | Became a worshipper of Warmaster Okawaru
  5182 | D:4      | Reached skill level 5 in Unarmed Combat
  5182 | D:4      | Reached skill level 5 in Transmutations
  5481 | D:4      | Reached XP level 6. HP: 37/43 MP: 5/9
  5615 | D:4      | Cast into the Abyss (Terence)
  5653 | Abyss:1  | Noticed a tentacled starspawn
  5655 | Abyss:1  | Noticed a smoke demon
  5662 | Abyss:1  | Noticed a small abomination
  5668 | Abyss:1  | Quit the game

Vanquished Creatures
  A worker ant (D:4)
  Jessica (D:2)
  The ghost of Shauncat the Charlatan, a weakling DjAr (D:3)
  4 gnolls (D:3)
  7 adders
  An ooze (D:4)
  An orc (D:4)
  7 bats
  2 giant cockroaches
  9 goblins
  6 hobgoblins
  8 jackals
  4 training dummies (D:3)
  A ball python (D:1)
  A giant gecko (D:1)
  2 giant newts
  10 kobolds
  A kobold skeleton (D:4)
  8 rats
75 creatures vanquished.

Vanquished Creatures (others)
  A starspawn tentacle (Abyss:1)
  6 starspawn tentacle segments (Abyss:1)
7 creatures vanquished.

Grand Total: 82 creatures vanquished
